[Event "34rd NATO Championship 2024"]
[Site "Rhodes"]
[Date "2024.10.22"]
[Round "2.42"]
[White "Ivbulis, Martins"]
[Black "Windey, Luc"]
[Result "1-0"]
[ECO "D00"]
[WhiteElo "1891"]
[BlackElo "1763"]
[Annotator "NA RC"]
[PlyCount "49"]
[EventDate "2024.09.18"]
[EventType "swiss"]
[EventCountry "GRE"]
[SourceTitle "playchess.com"]
[Source "ChessBase"]
[SourceQuality "1"]
[TimeControl "5400+30"]

1. d4 d5 2. Nc3 Nf6 3. Bf4 Bf5 4. e3 c6 5. f3 e6 6. g4 {[%emt 0:00:18] D00: 1 d4 d5: Unusual lines.} Bg6 7. h4 h6 8. Bd3 Bxd3 9. Qxd3 Bd6 10. Nge2 Qc7 11. O-O-O Nbd7 12. Bxd6 Qxd6 13. e4 e5 14. g5 dxe4 15. Nxe4 Nxe4 16. Qxe4 O-O-O 17. dxe5 Qe6 18. f4 Qxa2 19. Nc3 Qe6 {[%emt 0:16:54] [#]} (19... Qa1+ $11 {should be considered.} 20. Nb1 Qa2) 20. Qa4 (20. gxh6 $1 $16 Qxh6 21. Rd6) 20... Kb8 (20... Nb6 $14 21. Qxa7 Kc7 22. Rxd8 Rxd8) 21. Rd6 Qe7 22. Rhd1 $16 Nb6 23. Qd4 Kc7 24. Qc5 Nd7 25. Rxc6+ 1-0

[Event "34rd NATO Championship 2024"]
[Site "Rhodes"]
[Date "2024.10.22"]
[Round "2.43"]
[White "Chapman, Chas"]
[Black "Dowd, Patrick"]
[Result "1/2-1/2"]
[ECO "C01"]
[WhiteElo "1696"]
[BlackElo "1885"]
[Annotator "NA RC"]
[PlyCount "57"]
[EventDate "2024.09.18"]
[EventType "swiss"]
[EventCountry "GRE"]
[SourceTitle "playchess.com"]
[Source "ChessBase"]
[SourceQuality "1"]
[TimeControl "5400+30"]

1. e4 e6 2. Nc3 d5 3. exd5 exd5 4. d4 c6 5. Nf3 Bd6 6. Be2 Ne7 7. Be3 {[%emt 0:02:59] C01: French: Exchange Variation.} Bf5 8. Bd3 f6 9. Bxf5 Nxf5 10. Bd2 O-O 11. O-O Qd7 12. Re1 Na6 13. Ne2 Nc7 14. Bf4 Rae8 15. Bxd6 Nxd6 16. Ng3 Nf5 17. Rxe8 Rxe8 18. Nxf5 Qxf5 19. Qd2 b6 20. Re1 Rxe1+ 21. Nxe1 Kf7 22. Qd3 Qxd3 23. Nxd3 a5 24. f3 $11 Nb5 25. c3 g5 26. Kf2 h5 27. g3 Nd6 28. Ke2 Ke6 29. Nf2 1/2-1/2

[Event "34rd NATO Championship 2024"]
[Site "Rhodes"]
[Date "2024.10.22"]
[Round "2.44"]
[White "Boudry, Rik"]
[Black "Dino, Giuseppe"]
[Result "0-1"]
[ECO "C00"]
[WhiteElo "1671"]
[BlackElo "1884"]
[Annotator "NA RC"]
[PlyCount "70"]
[EventDate "2024.09.18"]
[EventType "swiss"]
[EventCountry "GRE"]
[SourceTitle "playchess.com"]
[Source "ChessBase"]
[SourceQuality "1"]
[TimeControl "5400+30"]

1. e4 e6 2. d3 d5 3. Nd2 c5 4. Ngf3 Nc6 5. g3 Nf6 6. Bg2 Be7 7. O-O O-O 8. Re1 dxe4 9. dxe4 e5 10. Nc4 {[%emt 0:02:34] C00: French: Unusual White 2nd moves.} Qc7 11. Bg5 {[%emt 0:02:16] Recently 11.Ne3 got a lot of attention.} Rd8 12. Qe2 Bg4 $146 ({Predecessor:} 12... Nd4 13. Nxd4 cxd4 14. f4 exf4 15. gxf4 h6 16. Bxf6 Bxf6 17. e5 Be7 18. Be4 Be6 {0-1 Doerflinger,J (2295)-Wutzke,R Oberliga Wuerttemberg 9596 1995}) 13. c3 h6 14. Bxf6 Bxf6 15. Ne3 Be6 16. Nd2 Ne7 17. b3 (17. h4 $14) 17... Qa5 18. Rec1 Rd7 19. Ndc4 Qc7 20. Ng4 Rad8 (20... Bg5 $11 21. Rd1 Bxc4 22. bxc4 (22. Qxc4 Bd2 $11) 22... Rad8) 21. Nxf6+ gxf6 22. Qh5 Kg7 23. Bh3 Qc6 24. Bxe6 fxe6 25. Re1 b5 26. Nxe5 fxe5 27. Qxe5+ Kh7 28. Qh5 Ng6 29. Qf3 Rf8 30. Qe2 e5 31. Rad1 Rg7 32. Kh1 Qe6 33. Qxb5 Rxf2 34. Rf1 Qf6 $19 (34... Rxa2 35. Ra1 Rc2) 35. a4 Qf3+ 0-1

[Event "34rd NATO Championship 2024"]
[Site "Rhodes"]
[Date "2024.10.22"]
[Round "2.45"]
[White "Sherpa, Ngadi"]
[Black "Huidiu, Vasile-Cristian"]
[Result "0-1"]
[ECO "B13"]
[WhiteElo "1882"]
[BlackElo "1729"]
[Annotator "NA RC"]
[PlyCount "78"]
[EventDate "2024.09.18"]
[EventType "swiss"]
[EventCountry "GRE"]
[SourceTitle "playchess.com"]
[Source "ChessBase"]
[SourceQuality "1"]
[TimeControl "5400+30"]

1. e4 c6 2. d4 d5 3. exd5 cxd5 4. Nf3 Nc6 5. Nc3 Bg4 6. Bb5 {[%emt 0:00:56] B13: Caro-Kann: Exchange Variation and Panov-Botvinnik Attack.} Rc8 7. Qd3 Bxf3 8. Qxf3 e6 9. a3 Be7 10. Be3 Bf6 11. O-O Nge7 12. Rad1 a6 13. Bxc6+ Rxc6 14. Rd2 b5 15. Na2 a5 16. Qe2 Qb6 17. c3 Nf5 18. Qg4 Nd6 19. Re2 h5 20. Qf3 Ne4 21. Rfe1 Ke7 22. h3 g5 23. g3 Rcc8 24. Qg2 Qd6 25. Nc1 Rcg8 26. Nd3 g4 27. Bf4 Qd8 28. h4 Kf8 29. Be5 Rh6 30. Bxf6 Rxf6 31. Nf4 Rxf4 32. gxf4 Qxh4 33. Rxe4 dxe4 34. Rxe4 $17 Qf6 35. Re5 Qxf4 36. Rxb5 g3 37. f3 Qc1+ 38. Qf1 Qe3+ 39. Kg2 Qd2+ 0-1

[Event "34rd NATO Championship 2024"]
[Site "Rhodes"]
[Date "2024.10.22"]
[Round "2.46"]
[White "Buruiana, Bogdan-Marian"]
[Black "Steffers, Hendrik"]
[Result "0-1"]
[ECO "B30"]
[WhiteElo "1579"]
[BlackElo "1882"]
[Annotator "NA RC"]
[PlyCount "96"]
[EventDate "2024.09.18"]
[EventType "swiss"]
[EventCountry "GRE"]
[SourceTitle "playchess.com"]
[Source "ChessBase"]
[SourceQuality "1"]
[TimeControl "5400+30"]

1. e4 c5 2. c3 e5 3. Nf3 Nc6 4. Bb5 Nge7 5. O-O a6 6. Bc4 {[%emt 0:03:59] B30: Sicilian: 2...Nc6 3 Bb5, lines without ...g6.} h6 7. Qb3 d5 8. Bxd5 Nxd5 9. Qxd5 Be6 10. Qxd8+ Rxd8 11. Rd1 c4 12. Na3 Bc5 13. Nc2 O-O 14. Nce1 f5 15. exf5 Rxf5 (15... Bxf5 $19 {is more deadly.} 16. b4 Ba7) 16. d4 cxd3 17. Be3 Bxe3 18. fxe3 e4 19. Nd4 Nxd4 20. cxd4 Rdf8 21. Nxd3 exd3 22. Rxd3 Bc4 23. Rdd1 Rf2 $19 24. b3 Bd5 25. Rf1 Rxg2+ 26. Kh1 Rxa2+ 27. Kg1 Rg2+ 28. Kh1 Re2+ 29. Kg1 Rxe3 30. Rxf8+ Kxf8 31. b4 Rd3 32. Rf1+ Ke7 33. Rf4 Rb3 34. Kf2 Rxb4 35. Ke3 Rb3+ 36. Kd2 a5 37. Rf5 Kd6 38. Re5 Rb2+ 39. Kc3 Rxh2 40. Re1 b5 41. Ra1 a4 42. Kb4 Bc4 43. Rg1 g5 44. Rg4 Rb2+ 45. Kc3 Rb3+ 46. Kc2 Rf3 47. Kb2 a3+ 48. Ka1 Rf1# 0-1

[Event "34rd NATO Championship 2024"]
[Site "Rhodes"]
[Date "2024.10.22"]
[Round "2.47"]
[White "Middaugh, Jon S"]
[Black "O`Byrne, Daniel"]
[Result "1/2-1/2"]
[ECO "A57"]
[WhiteElo "1877"]
[BlackElo "1748"]
[Annotator "NA RC"]
[PlyCount "36"]
[EventDate "2024.09.18"]
[EventType "swiss"]
[EventCountry "GRE"]
[SourceTitle "playchess.com"]
[Source "ChessBase"]
[SourceQuality "1"]
[TimeControl "5400+30"]

1. d4 Nf6 2. c4 c5 3. d5 b5 4. cxb5 a6 5. b6 Qxb6 6. Nc3 d6 7. e4 g6 8. Qc2 Bg7 9. h3 Bd7 10. Nf3 Bb5 11. Bd3 Nfd7 12. O-O Bxd3 13. Qxd3 Ne5 14. Nxe5 Bxe5 15. Rb1 O-O 16. b3 Nd7 17. Bb2 Rfb8 18. Na4 Qb5 1/2-1/2

[Event "34rd NATO Championship 2024"]
[Site "Rhodes"]
[Date "2024.10.22"]
[Round "2.48"]
[White "Bublys, Vaidotas"]
[Black "Abbate, Giovanni"]
[Result "1-0"]
[ECO "B22"]
[WhiteElo "1872"]
[BlackElo "1695"]
[Annotator "NA RC"]
[PlyCount "117"]
[EventDate "2024.09.18"]
[EventType "swiss"]
[EventCountry "GRE"]
[SourceTitle "playchess.com"]
[Source "ChessBase"]
[SourceQuality "1"]
[TimeControl "5400+30"]

1. e4 c5 2. c3 Nc6 3. d4 cxd4 4. cxd4 e6 5. Nf3 a6 6. a3 {[%emt 0:01:06] B22: Sicilian: 2 c3.} Nf6 7. Nc3 b5 8. b4 d5 9. e5 Ne4 10. Qc2 Nxc3 11. Qxc3 Bd7 12. Bd3 Rc8 13. Qb2 Be7 14. Nd2 f6 15. f4 fxe5 16. fxe5 O-O 17. Rf1 Rxf1+ 18. Kxf1 Qf8+ 19. Kg1 Bd8 20. Nb3 Bb6 21. Nc5 Qe7 22. Be3 Bxc5 23. bxc5 Rf8 $14 24. Qc2 g6 25. Qd2 Qh4 26. Be2 Rf7 27. Rd1 Qd8 28. Bg5 Qa5 29. Qe3 Ne7 30. Qc1 Nc6 31. h4 Qa4 32. Qe3 Ne7 33. h5 Nf5 34. Qc3 gxh5 35. Bf6 Rf8 36. c6 b4 37. axb4 Qxc6 38. Qd2 Be8 39. Qg5+ Bg6 40. Bxh5 Rf7 41. Bxg6 hxg6 42. Rc1 Qb7 43. Qxg6+ Ng7 44. Bxg7 Rxg7 45. Qe8+ Kh7 46. Rc3 Qf7 47. Rh3+ Kg6 48. Qa4 Qf4 49. Qc2+ Qf5 50. Qc3 Qf7 51. Qg3+ Kf5 52. Qh4 Qg8 53. Rf3+ Kg6 54. Qf6+ Kh5 55. Rh3+ Kg4 56. Qh4+ Kf5 57. Rf3+ Kg6 58. Qg4+ Kh7 59. Rh3# 1-0

[Event "34rd NATO Championship 2024"]
[Site "Rhodes"]
[Date "2024.10.22"]
[Round "3.1"]
[White "Alexakis, Dimitris"]
[Black "Tustanowski, Mateusz"]
[Result "1-0"]
[ECO "C66"]
[WhiteElo "2504"]
[BlackElo "2081"]
[Annotator "TA"]
[PlyCount "59"]
[EventDate "2024.09.18"]
[EventType "swiss"]
[EventCountry "GRE"]
[SourceTitle "playchess.com"]
[Source "ChessBase"]
[SourceQuality "1"]
[TimeControl "5400+30"]

1. e4 e5 2. Nf3 Nc6 3. Bb5 Nf6 4. d3 d6 5. O-O g6 (5... Be7 $11 {keeps the balance.}) 6. d4 $16 {[%emt 0:12:57] White is more active.} Bd7 7. Re1 Bg7 8. Bxc6 {[%emt 0:05:09] White is slightly better.} Bxc6 9. Nc3 exd4 10. Nxd4 O-O 11. Bg5 h6 12. Bh4 Qd7 13. f3 Nh5 14. Qd2 Rae8 15. b4 a6 16. Rad1 f5 {[%emt 0:14:03] [#]} 17. a4 $1 {[%emt 0:00:00][%cal Ba2a4,Ba4b5,Bb5c6,Bc6b7][%mdl 32] Strongly threatening b5.} fxe4 (17... g5 {simplifies} 18. Bf2 Bxd4 19. Qxd4 Rf7) 18. b5 $1 axb5 19. axb5 exf3 {[%emt 0:00:47][%cal Od7g4] White must now prevent ...Qg4!} 20. Rxe8 Qxe8 21. bxc6 fxg2 $2 {[%emt 0:00:15] This costs Black the game.} (21... Bxd4+ $1 $14 22. Qxd4 Qxc6) 22. cxb7 $18 {[%emt 0:00:00] Threatens to win with Bf2.} Nf4 $2 (22... Kh7 23. Qe2 (23. Qxg2 Bxd4+ 24. Rxd4 Qe3+ $16) (23. Kxg2 Qf7 $18) 23... Bxd4+ 24. Rxd4 Rf1+ 25. Kxg2 Qxe2+ 26. Nxe2 Rb1) 23. Bg3 {[%emt 0:00:00] White is clearly winning.} c5 24. Ndb5 (24. Bxf4 Bxd4+ 25. Kxg2 Qc6+ 26. Kg3 g5 $11) 24... Nh3+ 25. Kxg2 Ng5 26. Nxd6 Qd7 27. Qd5+ Kh7 {[%emt 0:00:12] [#]} 28. Nf5 $1 Qxf5 (28... Qxd5+ 29. Nxd5) 29. Qxf5 (29. b8=B $2 {is the wrong capture.} Qh3+ (29... Bxc3 30. Qxf5 gxf5 31. Rd5 $17) (29... Qxc2+ $2 30. Qd2 $19) 30. Kg1 Bd4+ $19 (30... Bxc3 31. Qd7+ Qxd7 32. Rxd7+ Kg8 33. Kg2 $15) (30... Bxc3 31. Qd7+ Qxd7 32. Rxd7+ Kg8 33. Kg2 $15)) 29... gxf5 30. Nd5 {[%emt 0:00:00] Weighted Error Value: White=0.10 (very precise) /Black=0.65.  Loses game:     	---       	Black=1      Mistake:       	---       	Black=1      Inaccurate:     	White=2     	Black=3      OK:         	White=5     	Black=4      Best:        	White=2     	---        Strong:       	White=1     	---} ({And not} 30. b8=B Bxc3 31. Bbe5 Ne4 $15) 1-0

[Event "34rd NATO Championship 2024"]
[Site "Rhodes"]
[Date "2024.10.22"]
[Round "3.2"]
[White "Pavlidou, Ekaterini"]
[Black "Stein, Robert"]
[Result "1/2-1/2"]
[ECO "D30"]
[WhiteElo "2153"]
[BlackElo "2409"]
[Annotator "RC"]
[PlyCount "31"]
[EventDate "2024.09.18"]
[EventType "swiss"]
[EventCountry "GRE"]
[SourceTitle "playchess.com"]
[Source "ChessBase"]
[SourceQuality "1"]
[TimeControl "5400+30"]

1. d4 d5 2. c4 e6 3. Nf3 h6 4. g3 Nf6 5. Bg2 Bd6 6. O-O O-O 7. b3 b6 8. Bb2 Bb7 9. Nc3 dxc4 10. bxc4 Nbd7 11. Qc2 c5 12. d5 exd5 13. cxd5 Ne5 14. Nd2 Rc8 15. Rad1 Re8 16. e4 1/2-1/2

[Event "34rd NATO Championship 2024"]
[Site "Rhodes"]
[Date "2024.10.22"]
[Round "3.3"]
[White "Papasimakopoulos, Alexandros"]
[Black "Onley, David E"]
[Result "1-0"]
[ECO "A42"]
[WhiteElo "2372"]
[BlackElo "2040"]
[Annotator "RC"]
[PlyCount "101"]
[EventDate "2024.09.18"]
[EventType "swiss"]
[EventCountry "GRE"]
[SourceTitle "playchess.com"]
[Source "ChessBase"]
[SourceQuality "1"]
[TimeControl "5400+30"]

1. d4 g6 2. e4 Bg7 3. c4 d6 4. Nc3 e5 5. d5 Ne7 6. h4 h5 7. Bd3 c6 8. Nge2 a6 9. Ng3 cxd5 10. cxd5 b5 11. b4 f5 12. Bg5 f4 13. Nf1 O-O 14. a4 bxa4 15. Qxa4 Qc7 16. Ra3 Bf6 17. Qa5 Qxa5 18. Rxa5 Bxg5 19. hxg5 Bb7 20. Nd2 Nd7 21. Nc4 Nc8 22. Na4 Kf7 23. Kd2 Ke7 24. Rb1 Rh8 25. Nc5 Rb8 26. Nxb7 Rxb7 27. Rxa6 h4 28. Na5 Rb6 29. Ra8 Kf7 30. Rc1 Rb8 31. Rxb8 Nxb8 32. Rc7+ Ne7 33. Nc6 Nbxc6 34. dxc6 f3 35. Bc4+ Kf8 36. Bf1 fxg2 37. Bxg2 h3 38. Bh1 Kf7 39. b5 Rb8 40. Rb7 Rc8 41. Ke3 Ke6 42. Kf3 d5 43. exd5+ Nxd5 44. Kg3 Nf4 45. b6 Ne2+ 46. Kh2 Rf8 47. c7 Rxf2+ 48. Kxh3 Nf4+ 49. Kg3 Rc2 50. Bf3 Kd6 51. Rb8 1-0

[Event "34rd NATO Championship 2024"]
[Site "Rhodes"]
[Date "2024.10.22"]
[Round "3.4"]
[White "Bohn, Ulrich"]
[Black "Aizpurua, Patrick Emilio"]
[Result "0-1"]
[ECO "A45"]
[WhiteElo "2149"]
[BlackElo "2322"]
[Annotator "RC"]
[PlyCount "108"]
[EventDate "2024.09.18"]
[EventType "swiss"]
[EventCountry "GRE"]
[SourceTitle "playchess.com"]
[Source "ChessBase"]
[SourceQuality "1"]
[TimeControl "5400+30"]

1. d4 Nf6 2. Bf4 g6 3. Nc3 d5 4. e3 Bg7 5. h4 h5 6. Nf3 O-O 7. Qd2 c5 8. O-O-O Nc6 9. Ne5 Bf5 10. f3 Rc8 11. Kb1 Qa5 12. Nxc6 Rxc6 13. e4 dxe4 14. fxe4 cxd4 15. Nd5 Qxd2 16. Nxe7+ Kh7 17. Bxd2 Nxe4 18. Nxc6 bxc6 19. Bd3 Nf2 20. Bxf5 gxf5 21. Kc1 Bf6 22. g3 Nxh1 23. Rxh1 Be5 24. Rf1 Kg6 25. b4 Re8 26. Rf3 Bd6 27. Rd3 c5 28. bxc5 Bxc5 29. Bf4 Re6 30. Kb2 Rb6+ 31. Rb3 Bb4 32. Kc1 Kf6 33. Kd1 Ke6 34. Ke2 Kd5 35. Kd3 a5 36. a3 Bc5 37. a4 Bb4 38. Bd2 Rg6 39. Bf4 Rg8 40. Bc7 Re8 41. Bf4 Re1 42. Rb2 Rd1+ 43. Ke2 Ra1 44. Rb3 Ke4 45. Bc7 Rxa4 46. Rf3 Ra2 47. Rf4+ Kd5 48. Rxf5+ Kc4 49. Kd1 a4 50. Rxh5 a3 51. Ba5 Ra1+ 52. Ke2 Re1+ 53. Kf2 a2 54. Bxb4 Kxb4 0-1

[Event "34rd NATO Championship 2024"]
[Site "Rhodes"]
[Date "2024.10.22"]
[Round "3.5"]
[White "Pedersen, Finn"]
[Black "Tetepoulidis, Ioannis"]
[Result "1/2-1/2"]
[ECO "A48"]
[WhiteElo "2282"]
[BlackElo "2100"]
[Annotator "RC"]
[PlyCount "88"]
[EventDate "2024.09.18"]
[EventType "swiss"]
[EventCountry "GRE"]
[SourceTitle "playchess.com"]
[Source "ChessBase"]
[SourceQuality "1"]
[TimeControl "5400+30"]

1. Nf3 Nf6 2. d4 g6 3. e3 Bg7 4. Be2 b6 5. O-O Bb7 6. b3 c5 7. c3 O-O 8. Nbd2 Ne4 9. Nxe4 Bxe4 10. Nd2 Bb7 11. Bb2 d6 12. Bf3 Qc7 13. Re1 Nd7 14. Rc1 e5 15. e4 Rad8 16. Nc4 Nf6 17. dxe5 dxe5 18. Qc2 Rd7 19. Rcd1 Rfd8 20. Rxd7 Rxd7 21. Bc1 h5 22. h3 Ne8 23. Ne3 Qd8 24. g4 h4 25. b4 cxb4 26. cxb4 Nc7 27. Rd1 Ne6 28. Rxd7 Qxd7 29. Nd5 Nd4 30. Qd1 f5 31. gxf5 gxf5 32. Bg2 fxe4 33. Nc3 Qf7 34. Nxe4 Qg6 35. f3 Bh6 36. Kh1 Bxc1 37. Qxc1 Bxe4 38. fxe4 Qg3 39. Qc8+ Kg7 40. Qd7+ Kf6 41. Qd8+ Kg6 42. Qg8+ Kh5 43. Qf7+ Kg5 44. Qg7+ Kh5 1/2-1/2

[Event "34rd NATO Championship 2024"]
[Site "Rhodes"]
[Date "2024.10.22"]
[Round "3.6"]
[White "Casteleijn, Diederick"]
[Black "Helbig, Mark"]
[Result "1/2-1/2"]
[ECO "B12"]
[WhiteElo "2128"]
[BlackElo "2280"]
[Annotator "RC"]
[PlyCount "51"]
[EventDate "2024.09.18"]
[EventType "swiss"]
[EventCountry "GRE"]
[SourceTitle "playchess.com"]
[Source "ChessBase"]
[SourceQuality "1"]
[TimeControl "5400+30"]

1. e4 c6 2. d4 d5 3. e5 c5 4. dxc5 e6 5. a3 Bxc5 6. Qg4 Ne7 7. Bd3 Nbc6 8. Nf3 Ng6 9. b4 Be7 10. Bb2 Qc7 11. Qg3 O-O 12. O-O f5 13. Re1 Bd7 14. Nbd2 a5 15. b5 Na7 16. a4 Nc8 17. c4 Nb6 18. Rec1 dxc4 19. Bxc4 Qd8 20. Bb3 Bb4 21. Rd1 Rc8 22. Bd4 Nd5 23. Nc4 Ngf4 24. Ra2 Qe7 25. Nd6 Rb8 26. Qg5 1/2-1/2

[Event "34rd NATO Championship 2024"]
[Site "Rhodes"]
[Date "2024.10.22"]
[Round "3.7"]
[White "Pavlidis, Anastasios"]
[Black "Tocco, Paolo"]
[Result "1-0"]
[ECO "A96"]
[WhiteElo "2279"]
[BlackElo "2010"]
[Annotator "RC"]
[PlyCount "141"]
[EventDate "2024.09.18"]
[EventType "swiss"]
[EventCountry "GRE"]
[SourceTitle "playchess.com"]
[Source "ChessBase"]
[SourceQuality "1"]
[TimeControl "5400+30"]

1. d4 e6 2. c4 f5 3. Nf3 Nf6 4. g3 Be7 5. Bg2 O-O 6. O-O d6 7. Nc3 Ne4 8. Qc2 Nxc3 9. Qxc3 Bf6 10. Qc2 Nc6 11. Rd1 Qe7 12. a3 e5 13. d5 Nd8 14. Rb1 g5 15. b4 Qg7 16. c5 Nf7 17. Nd2 h5 18. Nf1 h4 19. Bd2 f4 20. Rdc1 Nh6 21. cxd6 cxd6 22. Rb3 Bd8 23. a4 Bd7 24. Rc3 Ng4 25. h3 fxg3 26. hxg4 gxf2+ 27. Kh1 Bxg4 28. Bh3 Bxh3 29. Rxh3 g4 30. Rc3 g3 31. Qe4 Qh7 32. Qxh7+ Kxh7 33. Kg2 Rg8 34. Nxg3 hxg3 35. Rh1+ Kg7 36. Rxg3+ Kf8 37. Kxf2 Bb6+ 38. e3 Rxg3 39. Kxg3 Kg7 40. a5 Bd8 41. Rc1 Kf7 42. Kg4 Ke8 43. Kf5 Kd7 44. Rh1 Be7 45. Rh7 Rf8+ 46. Ke4 a6 47. Be1 Kd8 48. Bg3 Ke8 49. Bh4 Bxh4 50. Rxh4 Rf7 51. Rh6 Kd7 52. Rh5 Ke7 53. Rg5 Kd7 54. Rf5 Rh7 55. Rf6 Ke7 56. Re6+ Kd7 57. Kf5 Rf7+ 58. Rf6 Rg7 59. Rf8 Rh7 60. Kg6 Rh3 61. Rf7+ Kc8 62. Kf6 Rh6+ 63. Kf5 Rh3 64. Ke6 Rxe3 65. Kxd6 Kb8 66. Rf8+ Ka7 67. Ke6 e4 68. Rf4 Re1 69. d6 e3 70. d7 Rd1 71. Re4 1-0

[Event "34rd NATO Championship 2024"]
[Site "Rhodes"]
[Date "2024.10.22"]
[Round "3.8"]
[White "Mestek, Igor"]
[Black "Reizniece-Ozola, Dana"]
[Result "0-1"]
[ECO "B06"]
[WhiteElo "2080"]
[BlackElo "2255"]
[Annotator "RC"]
[PlyCount "88"]
[EventDate "2024.09.18"]
[EventType "swiss"]
[EventCountry "GRE"]
[SourceTitle "playchess.com"]
[Source "ChessBase"]
[SourceQuality "1"]
[TimeControl "5400+30"]

1. e4 d6 2. d4 g6 3. Nc3 Bg7 4. Be3 a6 5. g3 b5 6. Bg2 Bb7 7. a4 c6 8. Nge2 Nd7 9. O-O Qc7 10. h3 Ngf6 11. f4 b4 12. e5 bxc3 13. exf6 Nxf6 14. Nxc3 O-O 15. a5 Rab8 16. Qd2 c5 17. dxc5 Bxg2 18. cxd6 exd6 19. Bb6 Qc4 20. Qxg2 Nd7 21. Ra4 Qe6 22. Re4 Qf6 23. Rd1 Nxb6 24. axb6 d5 25. Nxd5 Qxb2 26. c4 Qb3 27. Rd2 f5 28. Re3 Qxc4 29. Qe2 Qc5 30. Kh2 Bd4 31. Red3 Rfe8 32. Qf3 Re4 33. Nc3 Bxc3 34. Rxc3 Qxb6 35. Qd3 Rbe8 36. Rcc2 Re1 37. Qc4+ Kg7 38. Qc3+ Kh6 39. h4 Qg1+ 40. Kh3 R8e3 41. Rg2 Qh1+ 42. Rh2 Qf1+ 43. Rhg2 Rxc3 44. Rxc3 Re2 0-1

[Event "34rd NATO Championship 2024"]
[Site "Rhodes"]
[Date "2024.10.22"]
[Round "3.9"]
[White "Andersen, Hans-Christoph"]
[Black "Peraino, Andrew"]
[Result "1-0"]
[ECO "B06"]
[WhiteElo "2229"]
[BlackElo "1965"]
[Annotator "RC"]
[PlyCount "78"]
[EventDate "2024.09.18"]
[EventType "swiss"]
[EventCountry "GRE"]
[SourceTitle "playchess.com"]
[Source "ChessBase"]
[SourceQuality "1"]
[TimeControl "5400+30"]

1. d4 g6 2. e4 d6 3. Nf3 Bg7 4. Bd3 Nd7 5. O-O e5 6. dxe5 dxe5 7. Bc4 Ngf6 8. Qe2 O-O 9. a4 a5 10. Rd1 Qe7 11. b3 b6 12. Ba3 c5 13. Nc3 Bb7 14. Nd2 Nh5 15. g3 Kh8 16. Bb5 Nhf6 17. Nc4 Rab8 18. Rd6 Bc8 19. Rad1 Rd8 20. Nd5 Nxd5 21. R1xd5 Bf6 22. Qd3 Bb7 23. Rxd7 Bxd5 24. Rxe7 Bxc4 25. Qxc4 Bxe7 26. Qxf7 Bf8 27. Bb2 Rd1+ 28. Kg2 Bg7 29. Be8 h6 30. Qxg6 Rbd8 31. Bxe5 Bxe5 32. Qxh6+ Kg8 33. Qe6+ Kh7 34. Qxe5 R1d6 35. h4 Kg8 36. h5 Kf8 37. h6 Rxh6 38. Qf4+ Kg7 39. Qg5+ Rg6 1-0

[Event "34rd NATO Championship 2024"]
[Site "Rhodes"]
[Date "2024.10.22"]
[Round "3.10"]
[White "Flaata, Alexander R."]
[Black "Rahmanidis, Petros"]
[Result "0-1"]
[ECO "B56"]
[WhiteElo "2040"]
[BlackElo "2219"]
[Annotator "RC"]
[PlyCount "120"]
[EventDate "2024.09.18"]
[EventType "swiss"]
[EventCountry "GRE"]
[SourceTitle "playchess.com"]
[Source "ChessBase"]
[SourceQuality "1"]
[TimeControl "5400+30"]

1. e4 c5 2. Nf3 d6 3. d4 cxd4 4. Nxd4 Nf6 5. Nc3 Nc6 6. f4 Bd7 7. Nxc6 Bxc6 8. Bd3 g6 9. O-O Bg7 10. e5 dxe5 11. fxe5 Qd4+ 12. Kh1 Qxe5 13. Bf4 Qc5 14. Qe2 O-O 15. Rae1 Nd5 16. Nxd5 Bxd5 17. Qxe7 Qxe7 18. Rxe7 Bxb2 19. c4 Bc6 20. Bd6 Rae8 21. Rc7 Be5 22. Rxc6 bxc6 23. Bxf8 Kxf8 24. Be4 Re6 25. Bf3 Ke7 26. g3 Kd6 27. Rd1+ Kc7 28. Kg2 Bd6 29. Rd3 Re5 30. Bd1 Re4 31. Bb3 Re2+ 32. Kh3 f5 33. Rf3 h5 34. Rf1 Be7 35. Bd1 Rxa2 36. Re1 Bd8 37. Re2 Rxe2 38. Bxe2 Kb6 39. Kg2 Kc5 40. Kf2 a5 41. Ke3 a4 42. Kd3 Bf6 43. Kc2 Kb4 44. Kb1 c5 45. Ka2 Bd4 46. h3 Be5 47. g4 fxg4 48. hxg4 h4 49. Bf1 g5 50. Kb1 Kb3 51. Be2 h3 52. Bd1+ Kb4 53. Ka2 h2 54. Bf3 a3 55. Bd5 Bb2 56. Bf3 Kxc4 57. Kb1 Kd3 58. Bg2 c4 59. Bf1+ Kd2 60. Bg2 c3 0-1

[Event "34rd NATO Championship 2024"]
[Site "Rhodes"]
[Date "2024.10.22"]
[Round "3.11"]
[White "Nilsson, Erik"]
[Black "Circenis, Kaspars"]
[Result "1/2-1/2"]
[ECO "D35"]
[WhiteElo "2028"]
[BlackElo "2120"]
[Annotator "RC"]
[PlyCount "113"]
[EventDate "2024.09.18"]
[EventType "swiss"]
[EventCountry "GRE"]
[SourceTitle "playchess.com"]
[Source "ChessBase"]
[SourceQuality "1"]
[TimeControl "5400+30"]

1. d4 d5 2. c4 e6 3. Nc3 Nf6 4. cxd5 exd5 5. Bg5 c6 6. e3 Bb4 7. Bd3 Nbd7 8. Nge2 O-O 9. O-O h6 10. Bh4 Re8 11. a3 Be7 12. f3 c5 13. Bf2 b6 14. Kh1 Bb7 15. Qd2 Bd6 16. Bg1 Rc8 17. Rab1 a6 18. Rbd1 b5 19. dxc5 Bxc5 20. b4 Ba7 21. a4 bxa4 22. Nxa4 Qe7 23. Nd4 Ne5 24. Nb2 Nc4 25. Bxc4 dxc4 26. Rc1 c3 27. Rxc3 Qxb4 28. Rd3 Qxd2 29. Rxd2 Red8 30. Rfd1 Bc5 31. e4 Bb4 32. Rc2 a5 33. Rdc1 Rxc2 34. Rxc2 Ne8 35. Nd3 Bf8 36. Nc5 Bxc5 37. Rxc5 Ra8 38. Nb5 a4 39. Nc7 Nxc7 40. Rxc7 Bc8 41. Ra7 Rxa7 42. Bxa7 a3 43. Kg1 a2 44. Bd4 f5 45. exf5 Bxf5 46. g4 Bd7 47. Kf2 Kf7 48. h4 g6 49. Ke3 Ke6 50. Kd2 Kd5 51. Bg7 Kc4 52. Kc2 Be6 53. Kb2 Kd3 54. Bxh6 Ke2 55. h5 gxh5 56. gxh5 Kxf3 57. Bg7 1/2-1/2

[Event "34rd NATO Championship 2024"]
[Site "Rhodes"]
[Date "2024.10.22"]
[Round "3.12"]
[White "Parker, Glen D"]
[Black "Jacob, Tobias"]
[Result "0-1"]
[ECO "B22"]
[WhiteElo "1979"]
[BlackElo "2073"]
[Annotator "RC"]
[PlyCount "117"]
[EventDate "2024.09.18"]
[EventType "swiss"]
[EventCountry "GRE"]
[SourceTitle "playchess.com"]
[Source "ChessBase"]
[SourceQuality "1"]
[TimeControl "5400+30"]

1. e4 c5 2. c3 d5 3. exd5 Qxd5 4. Nf3 Nf6 5. d4 e6 6. Be2 cxd4 7. cxd4 Bb4+ 8. Nc3 O-O 9. O-O Qd6 10. Nb5 Qb6 11. a3 Be7 12. b4 Nd5 13. Bc4 Bd7 14. Bxd5 Bxb5 15. Re1 Rd8 16. Bb3 Bc6 17. Be3 Bd5 18. Bc2 Nd7 19. Qd3 Nf8 20. Ng5 g6 21. Ne4 Qc6 22. f3 Rac8 23. Rac1 Qc4 24. Bb1 Qxd3 25. Bxd3 f5 26. Nc3 Bc4 27. Bxc4 Rxc4 28. Nb5 Rxc1 29. Rxc1 a6 30. Rc7 Rd7 31. Rxd7 Nxd7 32. Nc7 Kf7 33. d5 e5 34. Ne6 Nf6 35. d6 Kxe6 36. dxe7 Kxe7 37. Kf2 Ke6 38. Ke2 Kd5 39. Bg5 Ne8 40. Kd3 b5 41. g4 Nd6 42. Bc1 Nc4 43. gxf5 gxf5 44. Kc3 Nd6 45. Be3 Nc8 46. Bc5 a5 47. Kd3 a4 48. h4 Nd6 49. Be3 Nc4 50. Bc1 e4+ 51. fxe4+ fxe4+ 52. Kc3 Ke5 53. h5 Kd5 54. h6 Ke5 55. Bg5 Nxa3 56. Be7 Nc4 57. Bf8 Ne3 58. Kd2 Nd5 59. Kc2 0-1